Unix NetHack Version 5.0.0-0 post-release - last build Jun 10 2026 00:39:30 (3ee93aec679c4c4259841fe613dc97188e26a321,branch:main).

Game began 2026-07-10 11:01:40, ended 2026-07-10 11:45:17.

ARFwashere, neutral male human Archeologist

                           ----------           ----------    ----------
            --------      #.........|           |....^.[.|    |..<^....|
            |......|   ####|........|          #.........|  ##-........|
         #)#......q|   #   |........|          #|........|  # ----.-----
        ##  |......|   #   |........|          #|........|  #     ####
        #   |......|   #   ---.------          #--------.-  #        #####
        #   |.......####      ###              #       ################# ###
        #   --------            #              #           ##       ---.---|-
       ##                       #              #           #        |.......|
 ----- #                        ###     ##########         #        |.......|
 |...| #                    ------.-    #----- #           #        |.......|
 |...|##                    |......|    #|...+#####   -+---#        |.......|
 |....#                     |....`..#####|...|#   #   |...|#        |.......|
 |...|                      |>...d.|#####.._..#   #   |....#        |.......|
 |...|                      |....f.-#    -----    0###...`|         ---------
 -----                      |....@.|                  ---.-
                            -----|--
                                 (

ARFwashere the Investigator  St:10 Dx:3 Co:18 In:16 Wi:14 Ch:10  Neutral
Dlvl:6  $:167 HP:0(48) Pw:27(27) AC:0  Xp:6 T:5213  Conf

Latest messages:
 What do you want to rub on the stone? [$ or ?*] <enter>
 Never mind.
 What do you want to write with? [- gmO or ?*] -
 You write in the dust with your fingertip.
 What do you want to write in the dust here? Elbereth
 The jaguar misses!
 The jaguar misses!
 The jaguar bites!
 You miss the jaguar.
 The jaguar hits!
 The jaguar hits again!
 The jaguar bites!
 You miss the jaguar.
 The jaguar hits!
 The jaguar misses!
 The jaguar misses!
 You hit the jaguar.
 The jaguar hits!
 The jaguar hits again!
 The jaguar bites!
 The large dog misses the jaguar.
 The large dog bites the jaguar.
 The jaguar hits the large dog.
 The jaguar misses the large dog.
 The jaguar misses the large dog.
 The large dog misses the jaguar.
 The large dog bites the jaguar.
 The jaguar misses!
 The jaguar hits!
 The jaguar bites!
 The large dog bites the jaguar.
 What do you want to drink? [bcu or ?*] b
 Yecch!  This stuff tastes like poison.
 Your muscles won't obey you.
 The jaguar hits!
 The jaguar hits again!
 The jaguar bites!
 What do you want to drink? [cu or ?*] ?
 Ooph!  This tastes like liquid fire!
 Call a golden potion: booze
 The large dog misses the jaguar.
 The jaguar misses!
 The jaguar hits!
 The jaguar bites!
 You die...
 Do you want your possessions identified? [ynq] (y) n
 Do you want to see your attributes? [ynq] (y) n
 Do you want an account of creatures vanquished? [ynaq] (y) n
 Do you want to see your conduct and achievements? [ynq] (y) n
 Do you want to see the dungeon overview? [ynq] (y) n

Inventory:
 Coins    ('$')
  $ - 167 gold pieces
 Amulets  ('"')
  P - a cursed amulet of change
 Weapons  (')')
  m - a +0 dagger (weapon in right hand)
 Armor    ('[')
  z - an uncursed +2 orcish helm (being worn)
  A - an uncursed +0 shield of reflection (being worn)
  Y - an uncursed +0 mummy wrapping
  y - an uncursed +0 elven mithril-coat (being worn)
 Comestibles  ('%')
  d - 5 uncursed food rations
  i - 2 uncursed fortune cookies
  s - an uncursed tripe ration
 Scrolls  ('?')
  V - an uncursed scroll of blank paper
  r - an uncursed scroll of identify
  j - an uncursed scroll of light
  n - an uncursed scroll of magic mapping
  v - a cursed scroll of magic mapping
  G - an uncursed scroll of remove curse
 Spellbooks  ('+')
  o - an uncursed spellbook of create monster
 Potions  ('!')
  u - a cursed potion of monster detection
 Tools    ('(')
  h - an uncursed sack containing 1 item
  l - an uncursed oil lamp
  H - a cursed tallow candle
  f - a tinning kit (0:33)
 Gems/Stones  ('*')
  O - 2 uncursed dilithium crystals
  g - an uncursed touchstone

Contents of the sack:
  1405 gold pieces

ARFwashere the Archeologist's attributes:

Background:
 You were an Investigator, a level 6 male human Archeologist.
 You were neutral, on a mission for Camaxtli
 who was opposed by Quetzalcoatl (lawful) and Huhetotl (chaotic).
 You were right-handed.
 You were in the Dungeons of Doom, on level 6.
 You entered the dungeon 5213 turns ago.
 You had 420 experience points, 220 more were needed to attain level 7.

Basics:
 You had 0 out of 48 hit points.
 You had all 27 energy points (spell power).
 Your armor class was 0.
 Your wallet contained 167 zorkmids, and
 you had 1405 more stashed away in your pack.
 Autopickup was on for '$' plus thrown.

Final Characteristics:
 Your strength was 10 (peak:13, limit:18/100).
 Your dexterity was 3 (peak:7, limit:18).
 Your constitution was 18 (limit:18).
 Your intelligence was 16 (limit:18).
 Your wisdom was 14 (limit:18).
 Your charisma was 10 (limit:18).

Final Status:
 You were confused.
 You weren't hungry.
 You were unencumbered.
 You were wielding a dagger.
 You were unskilled in dagger.

Final Attributes:
 You were piously aligned.
 You were telepathic.
 You had automatic searching.
 You were stealthy.
 You were guarded.
 You had reflection.
 You are dead.

Miscellaneous:
 You didn't encounter any bones levels.
 Total elapsed playing time was 43 minutes and 37 seconds.

Major events:
 Turn
    1: ARFwashere the neutral male human Archeologist entered the dungeon
 1110: attained the rank of Field Worker (level 3)
 2424: entered the Gnomish Mines
 4349: attained the rank of Investigator (level 6)
 5213: killed by a jaguar

You didn't know any spells.

Skills:
 Fighting Skills
   bare handed combat [Unskilled]
   two weapon combat  [Unskilled]
   riding             [Unskilled]
 Weapon Skills
   dagger             [Unskilled]
   knife              [Unskilled]
   pick-axe           [Skilled]
   short sword        [Unskilled]
   saber              [Unskilled]
   club               [Unskilled]
   quarterstaff       [Unskilled]
   sling              [Unskilled]
   dart               [Unskilled]
   boomerang          [Unskilled]
   whip               [Basic]
   unicorn horn       [Unskilled]
 Spellcasting Skills
   attack spells      [Unskilled]
   healing spells     [Unskilled]
   divination spells  [Unskilled]
   matter spells      [Unskilled]

Voluntary challenges:
 Character rerolling was not enabled.
 You never genocided any monsters.
 You never polymorphed an object.
 You never changed form.
 You used no wishes.
Achievements:
 You attained the rank of Field Worker.
 You entered a shop.
 You entered the Gnomish Mines.
 You attained the rank of Investigator.

 The Dungeons of Doom: levels 1 to 7
    Level 1:
    Level 2:
       An altar to Camaxtli.
    Level 3:
       A fountain.
    Level 4:
       A weapon shop, a fountain.
       Stairs down to The Gnomish Mines.
    Level 5:
    Level 6: <- You were here.
       An altar.
       Final resting place for
          you, killed by a jaguar.
    Level 7:
 The Gnomish Mines:
    Level 5:


Vanquished creatures:
  a leprechaun
  a dwarf mummy
  2 brown puddings
  a housecat
  a gnome mummy
  a yellow light
  a violet fungus
  2 gnome leaders
  a ghoul
  5 giant ants
  2 floating eyes
  3 dwarves
  a homunculus
  3 rothes
  2 giant bats
  a monkey
  a wererat
  a werejackal
  3 iguanas
  3 coyotes
  2 hobbits
  3 manes
  5 giant rats
  a brown mold
  a red mold
 10 gnomes
  5 garter snakes
  3 gnome zombies
  4 geckos
  8 jackals
  a kobold
  5 goblins
  2 sewer rats
  3 bats
  5 lichens
  4 newts
98 creatures vanquished.

No species were genocided or became extinct.

Game over:
                       ----------
                      /          \
                     /    REST    \
                    /      IN      \
                   /     PEACE      \
                  /                  \
                  |    ARFwashere    |
                  |     1572 Au      |
                  |   killed by a    |
                  |      jaguar      |
                  |                  |
                  |                  |
                  |       2026       |
                 *|     *  *  *      | *
        _________)/\\_//(\/(/\)/\//\/|_)_______

Goodbye ARFwashere the Archeologist...

You died in The Dungeons of Doom on dungeon level 6 with 3415 points,
and 1572 pieces of gold, after 5213 moves.
You were level 6 with a maximum of 48 hit points when you died.

